 Dungeon Crawl Stone Soup version 0.24.0-123-gd5b16e6ec5 (webtiles) character file.

Game seed: 72610970393045571, levelgen mode: deterministic

791 Lemonice the Chopper (level 7, -1/55 HPs)
             Began as a Demonspawn Gladiator on Feb 8, 2020.
             Was an Initiate of Qazlal.
             Slain by an orc warrior
             ... wielding a +0 dire flail
              (27 damage)
             ... on level 5 of the Dungeon.
             The game lasted 00:08:47 (3499 turns).

Lemonice the Chopper (Demonspawn Gladiator)         Turns: 3499, Time: 00:08:48

Health: -1/55      AC: 11    Str: 16    XL:     7   Next: 57%
Magic:  7/7        EV: 13    Int: 10    God:    Qazlal [......]
Gold:   287        SH:  0    Dex: 14    Spells: 6/6 levels left

rFire    + . .     SeeInvis .   a - +0 war axe
rCold    + . .     Gourm    .   (no shield)
rNeg     . . .     Faith    .   l - +0 chain mail
rPois    .         Spirit   .   c - +0 helmet
rElec    .         Reflect  .   C - +0 cloak
rCorr    .         Harm     +   (no gloves)
MR       .....                  (no boots)
Stlth    ..........             o - amulet of harm
HPRegen  0.18/turn              j - ring of protection from fire
MPRegen  0.10/turn              r - +3 ring of evasion

@: no status effects
A: repulsion field 1, cold resistance 1, demonic guardian 1
a: Renounce Religion


You were on level 5 of the Dungeon.
You worshipped Qazlal.
Qazlal was noncommittal.
You were not hungry.

You visited 2 branches of the dungeon, and saw 6 of its levels.

You collected 287 gold pieces.

Inventory:

Hand Weapons
 a - a +0 war axe (weapon)
Missiles
 d - 2 throwing nets (quivered)
Armour
 b - a +0 leather armour
 c - a +0 helmet (worn)
 l - a +0 chain mail (worn)
 t - a -1 leather armour
 C - a +0 cloak (worn)
Jewellery
 j - a ring of protection from fire (left hand)
 o - an amulet of harm (around neck)
 r - a +3 ring of evasion (right hand)
Wands
 q - a wand of iceblast (7)
 z - a wand of disintegration (10)
Scrolls
 e - a scroll of remove curse
 h - 8 scrolls of identify {unknown}
 k - a scroll of fear {unknown}
 s - a scroll of immolation {unknown}
 u - a scroll of magic mapping {unknown}
 x - a scroll of teleportation {unknown}
 y - a scroll of blinking {unknown}
Potions
 g - 3 potions of heal wounds {unknown}
 i - 6 potions of curing {unknown}
 m - 2 potions of berserk rage {unknown}
 n - 4 potions of haste {unknown}
 p - a potion of mutation {unknown}
 v - a potion of degeneration {unknown}
 w - 2 potions of ambrosia {unknown}
 B - a potion of agility {unknown}
Comestibles
 f - 5 rations


   Skills:
 + Level 4.8 Fighting
 + Level 5.0 Axes
 - Level 3.0 Throwing
 + Level 3.8 Armour
 - Level 3.0 Dodging


You had 6 spell levels left.
You didn't know any spells.
Your spell library contained the following spells:

 Spells                   Type           Power        Failure   Level  Hunger
 Shock                    Conj/Air       #...         99%         1    ##.....
 Swiftness                Chrm/Air       #.......     100%        2    ###....
 Static Discharge         Conj/Air       #.......     100%        3    ####...
 Airstrike                Air            #.........   100%        4    #####..
 Lightning Bolt           Conj/Air       #.........   100%        5    ######.


Dungeon Overview and Level Annotations

Branches:
Dungeon (5/15)             Temple (1/1) D:4

Altars:
Dithmenos
Gozag
Nemelex Xobeh
Qazlal
Wu Jian
Xom
Yredelemnul
The Shining One

Annotations:
D:5 3 runed translucent doors


Innate Abilities, Weirdness & Mutations

You are surrounded by a mild repulsion field. (EV +2)
Your flesh is cold resistant. (rC+)
A weak demonic guardian rushes to your aid.


Message History

Gang up on whom?
Press: ? - help, Dir - move target cursor, f - orc warrior
Aim: an orc warrior, wielding a +0 dire flail and wearing a cursed +0 plate armour Attack!
The orc warrior hits your iron imp with a +0 dire flail!
Your iron imp hits the orc warrior.
Your white imp closely misses the orc warrior.
Your iron imp hits the orc warrior.
Your white imp disappears in a puff of smoke!
You hit the orc.
The orc is almost dead.
The orc hits you but does no damage.
Your chain mail prevents you from hitting the orc.
The orc is almost dead.
The orc closely misses you.
You hit the orc.
You kill the orc!
Qazlal accepts your kill.
The orc warrior hits you with a +0 dire flail!!
You die...

......#########'##...#
......# #.........#
......# +.........#
......# #.........#
......# ##...##...#
#####.# ##+#####'#
#.##### #........#
#.#.... #.[.5....#
+.#.... +..o@....#
+...... #..)##...#
+......##..5##...#
#..............#
#..............#
#.....)[.......#
........#...######
........#...#
..+.._......+


You could see an orc warrior, a friendly iron imp and a friendly white imp.

Vanquished Creatures
  Grinder (D:4)
  A phantom (D:4)
  An ogre (D:5)
  A scorpion (D:4)
  A crimson imp (D:3)
  2 orc priests (D:5)
  A centaur skeleton (D:5)
  5 worker ants (D:4)
  5 adders
  A shadow imp (D:5)
  An ooze (D:2)
  4 worms
  5 dart slugs
  3 leopard geckos
  11 orcs
  14 bats
  5 giant cockroaches
  10 goblins
  8 hobgoblins
  9 jackals
  6 kobolds
  5 quokkas
  8 frilled lizards
  11 rats
119 creatures vanquished.

Vanquished Creatures (collateral kills)
  3 crimson imps (D:3)
3 creatures vanquished.

Grand Total: 122 creatures vanquished

Notes
Turn   | Place    | Note
-------+----------+-------------------------------------------
     0 | D:1      | Lemonice the Demonspawn Gladiator began the quest for the
                  | Orb.
     0 | D:1      | Reached XP level 1. HP: 16/16 MP: 1/1
   274 | D:1      | Gained mutation: A weak demonic guardian rushes to your
                  | aid. [demonic ancestry]
   274 | D:1      | Reached XP level 2. HP: 20/22 MP: 2/2
   276 | D:1      | Reached skill level 3 in Axes
   675 | D:1      | Gained mutation: You are surrounded by a mild repulsion
                  | field. (EV +2) [demonic ancestry]
   675 | D:1      | Reached XP level 3. HP: 25/27 MP: 3/3
  1412 | D:2      | Reached skill level 1 in Armour
  1424 | D:2      | Gained mutation: Your flesh is cold resistant. (rC+)
                  | [demonic ancestry]
  1424 | D:2      | Reached XP level 4. HP: 29/34 MP: 4/4
  2139 | D:3      | Found a shimmering altar of Xom.
  2145 | D:3      | Reached XP level 5. HP: 40/40 MP: 5/5
  2307 | D:4      | Reached XP level 6. HP: 36/47 MP: 6/6
  2459 | D:4      | Reached skill level 4 in Axes
  2543 | D:4      | Found an opulent altar of Gozag.
  2543 | D:4      | Noticed Grinder
  2552 | D:4      | Paralysed by Grinder for 6 turns
  2562 | D:4      | Paralysed by Grinder for 4 turns
  2567 | D:4      | Killed Grinder
  2800 | D:4      | Found a staircase to the Ecumenical Temple.
  2813 | Temple   | Entered the Ecumenical Temple
  2832 | Temple   | Became a worshipper of Qazlal Stormbringer
  2898 | D:4      | Reached XP level 7. HP: 49/55 MP: 7/7
  3237 | D:5      | Entered Level 5 of the Dungeon
  3408 | D:5      | Found a runed translucent gate.
  3476 | D:5      | Found an ornate altar of the Wu Jian Council.
  3480 | D:5      | Found a runed translucent gate.
  3480 | D:5      | Found a runed translucent gate.
  3486 | D:5      | Reached skill level 5 in Axes
  3499 | D:5      | Slain by an orc warrior

Levels and vault maps discovered:
D:1:      dpeg_arrival_simpleton_c, layout_loops_ring, kennysheep_boxes
D:2:      layout_loops_cross
D:3:      layout_rooms, first_ration, led_xom_imps
D:4:      layout_rooms, minmay_temple_entry_grid,
          nicolae_gozag_cash_rules_everything_around_me, uniq_grinder
D:5:      lemuel_upstairs_altar, layout_gridville, gammafunk_ghost_necromancy,
          basic_altar
Temple:   dshaligram_water_room_temple

Skill      XL: |  1  2  3  4  5  6  7 |
---------------+----------------------+-----
Throwing       | 2 3 |  3.0
Axes           | 3 4 5 |  5.0
Dodging        | 3 |  3.0
Armour         | 1 2 3 |  3.8
Fighting       | 3 4 |  4.8

Action                   |  1- 3 |  4- 6 |  7- 9 || total
-------------------------+-------+-------+-------++-------
Melee: War axe           |   145 |   162 |    50 ||   357
Throw: Throwing net      |       |       |     1 ||     1
  Use: Scroll            |       |     1 |       ||     1
  Eat: Chunk             |     2 |     5 |     2 ||     9
Armor: Leather armour    |    23 |       |       ||    23
       Chain mail        |    69 |    77 |    18 ||   164
Dodge: Dodged            |   106 |   104 |    30 ||   240
